 Dungeon Crawl Stone Soup version 0.23-a0-329-g6f3f904 (webtiles) character file.

46 galech the Covered (level 3, 0/29 HPs)
             Began as a Demonspawn Fighter on Oct 16, 2018.
             Succumbed to an adder's poison
             ... on level 1 of the Dungeon.
             The game lasted 00:01:09 (661 turns).

galech the Covered (Demonspawn Fighter)              Turns: 661, Time: 00:01:10

Health: 0/29       AC:  6    Str: 16    XL:     3   Next: 46%
Magic:  3/3        EV:  6    Int:  9    God:
Gold:   50         SH:  9    Dex: 13    Spells: 2/2 levels left

rFire    . . .     SeeInvis .   a - +0 war axe
rCold    . . .     Gourm    .   c - +0 shield
rNeg     . . .     Faith    .   b - +0 scale mail
rPois    .         Spirit   .   (helmet restricted)
rElec    .         Reflect  .   (no cloak)
rCorr    .         Harm     .   (no gloves)
MR       .....                  (no boots)
Stlth    ..........             (no amulet)
HPRegen  0.09/turn              (no ring)
MPRegen  0.08/turn              (no ring)

@: lethally poisoned (0 -> -6)
A: antennae 1
a: no special abilities


You were on level 1 of the Dungeon.
You were not hungry.

You visited 1 branch of the dungeon, and saw 2 of its levels.

You collected 50 gold pieces.

Inventory:

Hand Weapons
 a - a +0 war axe (weapon)
Armour
 b - a +0 scale mail (worn)
 c - a +0 shield (worn)
Scrolls
 i - a scroll of enchant armour {unknown}
 l - a scroll of amnesia {unknown}
Potions
 d - 2 potions of might
 e - 3 potions of mutation {unknown}
 g - a potion of curing {unknown}
 j - a potion of degeneration {unknown}
 k - a potion of lignification {unknown}
Comestibles
 f - 2 rations
 h - 2 chunks of flesh


   Skills:
 + Level 3.2 Fighting
 + Level 2.2 Axes
 + Level 3.3 Armour
 + Level 0.1 Dodging
 + Level 3.1 Shields


You had 2 spell levels left.
You didn't know any spells.
Your spell library was empty.

Dungeon Overview and Level Annotations

Branches:
Dungeon (2/15)

Altars:

Annotations:
D:2 Robin


Innate Abilities, Weirdness & Mutations

You have a pair of small antennae on your head.


Message History

* * * LOW HITPOINT WARNING * * *
You barely miss the adder.
The adder is lightly wounded.
You block the adder's attack. The adder bites you.
* * * LOW HITPOINT WARNING * * *
Unknown command.
You miss the adder.
The adder is lightly wounded.
The adder bites you but does no damage. You block the adder's attack.
You closely miss the adder.
The adder is lightly wounded.
The adder bites you.
* * * LOW HITPOINT WARNING * * *
You are lethally poisoned!
The adder poisons you! You block the adder's attack.
You slash the adder!
You kill the adder!
* * * LOW HITPOINT WARNING * * *
You feel sick.
You die...

.########################.....#
..................(.......#...#
......################..###...#
.#...........######....## #...##
.#..............)...#######....#
.#..............##.............#
.#..........########.....##....#
.#....[.....# ####......##....#
.#..........####@>).#######....#
............#...)#..# #......#
#.............####.######.#....##
...###.....#######(###..........#
...........## ##...##...........#
..#.........###..###............#
..#.##........#.####.#..........#
.##.##....##....#....#..........#
....#########.....####..........#


There were no monsters in sight!

Vanquished Creatures
  An adder (D:1)
  An ooze (D:1)
  2 bats (D:1)
  3 giant cockroaches (D:1)
  2 hobgoblins (D:1)
  4 jackals (D:1)
  3 kobolds (D:1)
  4 frilled lizards (D:1)
  6 goblins
  5 rats (D:1)
31 creatures vanquished.

Notes
Turn   | Place    | Note
-------+----------+-------------------------------------------
     0 | D:1      | galech the Demonspawn Fighter began the quest for the Orb.
     0 | D:1      | Reached XP level 1. HP: 18/18 MP: 1/1
    94 | D:1      | Gained mutation: You have a pair of small antennae on your
                  | head. [demonic ancestry]
    94 | D:1      | Reached XP level 2. HP: 15/24 MP: 2/2
   383 | D:1      | Reached XP level 3. HP: 22/29 MP: 3/3
   639 | D:2      | Noticed Robin
   660 | D:1      | HP: 1/29 [poisoned by an adder]
   661 | D:1      | Succumbed to an adder's poison

Vault maps used:
D:1:      minmay_arrival_solitary_statue
D:2:      lemuel_crystal_altar, uniq_robin

Skill      XL: |  1  2  3 |
---------------+----------+-----
Armour         | 3 |  3.3
Axes           | 2 |  2.2
Shields        | 3 |  3.1
Fighting       | |  3.2
Dodging        | |  0.1

Action                   || total
-------------------------++-------
Melee: War axe           ||   103
Armor: Scale mail        ||    84
Dodge: Dodged            ||    35
Block: Shield            ||    64

Table legend:
 A = Non-vault XP
 B = Vault XP
 C = Vault XP percentage of total XP
 D = Non-vault monster count
 E = Vault monster count
 F = Vault count percentage of total count
                 A         B        C        D         E       F
            +---------+---------+-------+---------+---------+-------
      Total |      57 |      10 |  14.9 |      26 |       5 |  16.1
            +---------+---------+-------+---------+---------+-------
        D:1 |      57 |       8 |  12.3 |      26 |       4 |  13.3
        D:2 |       0 |       2 | 100.0 |       0 |       1 | 100.0
            +---------+---------+-------+---------+---------+-------
